[ PARTIDA AOE2 · #495138444 ]
UnrankedBizantinos vs Dravidians
Equipo del jugador · VICT
Equipo rival · DERR
[ ANÁLISIS DE REPETICIÓN · EXTRAÍDO DE LA PARTIDA GRABADA ]
Feudal
8:54
Castillos
24:37
Imperial
39:48
| APM promedio | 61.9 |
| APM pico | 109 |
| eAPM promedio | 34.0 |
| Aldeanos / militares | 223 / 177 |
Foco
⚔️ 45.2% · 🌾 54.8%
Skirmisher ×61 · Knight ×51 · Archer ×32 · Spearman ×14 · Camel Scout ×11 · Trebuchet (Packed) ×7
Feudal
9:19
Castillos
25:03
Imperial
43:08
| APM promedio | 58.2 |
| APM pico | 119 |
| eAPM promedio | 32.2 |
| Aldeanos / militares | 152 / 88 |
Foco
⚔️ 29.0% · 🌾 71.0%
Scout Cavalry ×34 · Elephant Archer ×31 · Mangonel ×7 · Monk ×6 · Militia ×5 · Scorpion ×3
Mapa de la partida
Recursos iniciales + cada clic de construcción. Líneas = muros · curvas = relieve. ◆ oro · ⬟ piedra · ● bayas · ✦ reliquia · ◌ hueco del cierre
Tu base· Abierta — flanco sin cerrar
Base de p4rtY3oY· Abierta — hueco de 5t
Terreno inicial suavizado · ◌ = hueco del cierre detectado · pasá el cursor para detalles
Inputs por minuto
— vollkrassher - - p4rtY3oY
Build order — vollkrassher
Primeras 150 de 650 acciones detectadas
| 0:00 | Crear | Villager (Male) |
| 0:00 | Crear | Villager (Male) |
| 0:02 | Construir | House |
| 0:02 | Construir | House |
| 0:11 | Crear | Villager (Male) |
| 0:11 | Crear | Villager (Male) |
| 1:36 | Crear | Villager (Male) |
| 1:37 | Crear | Villager (Male) |
| 1:45 | Construir | Lumber Camp |
| 1:59 | Crear | Villager (Male) |
| 2:00 | Crear | Villager (Male) |
| 2:12 | Crear | Villager (Male) |
| 2:13 | Crear | Villager (Male) |
| 2:35 | Crear | Villager (Male) |
| 3:17 | Crear | Villager (Male) |
| 3:17 | Crear | Villager (Male) |
| 3:21 | Crear | Villager (Male) |
| 3:22 | Crear | Villager (Male) |
| 3:41 | Crear | Villager (Male) |
| 3:42 | Crear | Villager (Male) |
| 3:44 | Construir | House |
| 3:58 | Crear | Villager (Male) |
| 3:58 | Crear | Villager (Male) |
| 3:59 | Crear | Villager (Male) |
| 3:59 | Crear | Villager (Male) |
| 4:42 | Construir | Mill |
| 4:45 | Crear | Villager (Male) |
| 4:45 | Crear | Villager (Male) |
| 4:46 | Crear | Villager (Male) |
| 5:02 | Crear | Villager (Male) |
| 5:02 | Crear | Villager (Male) |
| 5:41 | Crear | Villager (Male) |
| 6:19 | Investigar | Loom |
| 6:41 | Investigar | Feudal Age |
| 6:42 | Investigar | Feudal Age |
| 7:11 | Construir | House |
| 7:53 | Construir | Barracks |
| 7:55 | Crear | Villager (Male) |
| 8:50 | Crear | Villager (Male) |
| 8:54 | Edad | Edad Feudal |
| 8:55 | Construir | Archery Range |
| 9:00 | Crear | Spearman |
| 9:13 | Investigar | Double-Bit Axe |
| 9:13 | Investigar | Double-Bit Axe |
| 9:14 | Crear | Villager (Male) |
| 9:29 | Construir | Watch Tower |
| 9:42 | Crear | Villager (Male) |
| 9:43 | Crear | Skirmisher |
| 9:43 | Crear | Skirmisher |
| 9:53 | Construir | Farm |
| 9:59 | Construir | House |
| 10:19 | Crear | Villager (Male) |
| 10:34 | Crear | Villager (Male) |
| 10:35 | Crear | Villager (Male) |
| 10:36 | Construir | Farm |
| 10:37 | Construir | Farm |
| 10:38 | Construir | Farm |
| 10:44 | Crear | Skirmisher |
| 10:53 | Construir | House |
| 11:02 | Crear | Skirmisher |
| 11:07 | Crear | Spearman |
| 11:25 | Construir | Watch Tower |
| 11:29 | Crear | Skirmisher |
| 11:40 | Crear | Villager (Male) |
| 11:40 | Crear | Villager (Male) |
| 11:41 | Construir | Farm |
| 11:41 | Construir | Farm |
| 11:50 | Crear | Spearman |
| 11:55 | Crear | Villager (Male) |
| 12:07 | Construir | Farm |
| 12:10 | Construir | House |
| 12:11 | Construir | House |
| 12:39 | Crear | Spearman |
| 12:42 | Crear | Villager (Male) |
| 12:42 | Crear | Villager (Male) |
| 12:54 | Crear | Skirmisher |
| 12:55 | Crear | Villager (Male) |
| 12:55 | Crear | Villager (Male) |
| 13:04 | Construir | Watch Tower |
| 13:06 | Crear | Villager (Male) |
| 13:12 | Construir | Palisade Wall |
| 13:17 | Crear | Skirmisher |
| 13:26 | Construir | Farm |
| 13:31 | Crear | Villager (Male) |
| 13:34 | Crear | Spearman |
| 13:34 | Crear | Spearman |
| 13:35 | Crear | Villager (Male) |
| 13:35 | Crear | Villager (Male) |
| 13:44 | Construir | Stone Wall |
| 13:45 | Construir | Stone Wall |
| 13:45 | Construir | Stone Wall |
| 13:48 | Crear | Villager (Male) |
| 14:05 | Crear | Villager (Male) |
| 14:17 | Crear | Villager (Male) |
| 14:26 | Crear | Villager (Male) |
| 14:27 | Construir | Farm |
| 14:29 | Construir | Farm |
| 14:31 | Construir | Palisade Wall |
| 14:32 | Construir | Palisade Wall |
| 14:37 | Construir | Palisade Wall |
| 14:38 | Construir | Palisade Wall |
| 14:39 | Construir | Palisade Wall |
| 14:39 | Construir | Palisade Wall |
| 14:40 | Construir | Palisade Wall |
| 14:43 | Crear | Villager (Male) |
| 14:50 | Crear | Villager (Male) |
| 14:56 | Crear | Spearman |
| 14:56 | Crear | Spearman |
| 14:57 | Crear | Villager (Male) |
| 14:58 | Crear | Villager (Male) |
| 15:14 | Crear | Villager (Male) |
| 15:27 | Crear | Villager (Male) |
| 15:30 | Crear | Villager (Male) |
| 15:35 | Construir | Mining Camp |
| 16:11 | Crear | Villager (Male) |
| 16:13 | Crear | Villager (Male) |
| 16:13 | Crear | Villager (Male) |
| 16:27 | Crear | Skirmisher |
| 16:27 | Crear | Skirmisher |
| 16:37 | Construir | Palisade Wall |
| 16:38 | Crear | Spearman |
| 16:40 | Crear | Spearman |
| 16:49 | Construir | House |
| 16:51 | Construir | House |
| 16:53 | Construir | House |
| 16:56 | Construir | House |
| 16:58 | Construir | House |
| 17:13 | Crear | Villager (Male) |
| 17:33 | Crear | Villager (Male) |
| 17:38 | Construir | Farm |
| 17:39 | Construir | Farm |
| 17:42 | Crear | Villager (Male) |
| 17:42 | Crear | Villager (Male) |
| 17:54 | Crear | Spearman |
| 18:11 | Crear | Villager (Male) |
| 18:17 | Construir | Mining Camp |
| 18:23 | Construir | Mining Camp |
| 18:23 | Crear | Villager (Male) |
| 18:35 | Construir | Watch Tower |
| 18:38 | Crear | Villager (Male) |
| 18:51 | Crear | Villager (Male) |
| 18:55 | Construir | Farm |
| 18:57 | Construir | Farm |
| 18:57 | Construir | Farm |
| 19:08 | Crear | Villager (Male) |
| 19:14 | Construir | Blacksmith |
| 19:36 | Crear | Spearman |
| 19:53 | Construir | Farm |
| 19:55 | Crear | Villager (Male) |
| 20:06 | Investigar | Fletching |
Build order — p4rtY3oY
Primeras 150 de 411 acciones detectadas
| 0:00 | Crear | Villager (Male) ×4 |
| 0:02 | Construir | House |
| 0:03 | Construir | House |
| 1:43 | Crear | Villager (Male) |
| 1:44 | Crear | Villager (Male) |
| 2:05 | Crear | Villager (Male) |
| 2:05 | Crear | Villager (Male) |
| 2:34 | Crear | Villager (Male) |
| 2:34 | Crear | Villager (Male) |
| 2:34 | Crear | Villager (Male) |
| 3:00 | Construir | Lumber Camp |
| 3:14 | Construir | House |
| 3:21 | Crear | Villager (Male) |
| 3:22 | Crear | Villager (Male) |
| 3:22 | Crear | Villager (Male) |
| 3:22 | Crear | Villager (Male) |
| 3:54 | Crear | Villager (Male) |
| 4:07 | Crear | Villager (Male) |
| 4:07 | Crear | Villager (Male) |
| 4:55 | Construir | Mill |
| 5:22 | Crear | Villager (Male) |
| 5:22 | Crear | Villager (Male) |
| 5:23 | Crear | Villager (Male) |
| 5:23 | Crear | Villager (Male) |
| 5:54 | Investigar | Loom |
| 6:58 | Investigar | Feudal Age |
| 6:58 | Investigar | Feudal Age |
| 7:24 | Construir | Barracks |
| 7:30 | Construir | Barracks |
| 7:33 | Construir | Palisade Wall |
| 8:12 | Crear | Villager (Male) |
| 8:14 | Crear | Militia |
| 8:14 | Crear | Militia |
| 8:14 | Crear | Militia |
| 8:17 | Construir | House |
| 8:22 | Construir | House |
| 8:25 | Construir | Palisade Wall |
| 8:34 | Construir | Palisade Wall |
| 8:38 | Construir | Palisade Gate |
| 8:52 | Crear | Villager (Male) |
| 9:03 | Construir | Palisade Wall |
| 9:19 | Edad | Edad Feudal |
| 9:25 | Construir | Mill |
| 10:47 | Crear | Villager (Male) |
| 10:57 | Crear | Villager (Male) |
| 11:01 | Construir | Farm |
| 11:01 | Construir | Farm |
| 11:01 | Construir | Farm |
| 11:01 | Construir | Farm |
| 11:11 | Investigar | Double-Bit Axe |
| 11:23 | Construir | House |
| 11:27 | Construir | House |
| 11:29 | Construir | House |
| 11:46 | Crear | Villager (Male) |
| 11:56 | Construir | Stable |
| 12:00 | Crear | Militia |
| 12:01 | Crear | Militia |
| 12:07 | Crear | Villager (Male) |
| 12:38 | Crear | Villager (Male) |
| 12:52 | Crear | Villager (Male) |
| 13:01 | Construir | Farm |
| 13:12 | Construir | Mining Camp |
| 13:14 | Crear | Scout Cavalry |
| 13:16 | Crear | Villager (Male) |
| 13:16 | Crear | Villager (Male) |
| 13:37 | Construir | Lumber Camp |
| 13:42 | Crear | Villager (Male) |
| 13:45 | Crear | Scout Cavalry |
| 13:59 | Construir | House |
| 14:01 | Construir | Palisade Wall |
| 14:12 | Construir | Palisade Wall |
| 14:18 | Crear | Villager (Male) |
| 14:26 | Construir | Lumber Camp |
| 14:31 | Crear | Scout Cavalry |
| 14:44 | Crear | Villager (Male) |
| 14:51 | Construir | Farm |
| 15:11 | Crear | Villager (Male) |
| 15:32 | Construir | Farm |
| 15:34 | Investigar | Horse Collar |
| 15:36 | Construir | House |
| 15:47 | Construir | Farm |
| 16:11 | Construir | Farm |
| 16:13 | Construir | Farm |
| 16:17 | Crear | Villager (Male) |
| 16:28 | Construir | Farm |
| 16:32 | Construir | Farm |
| 16:35 | Construir | Farm |
| 16:38 | Crear | Villager (Male) |
| 16:41 | Construir | Farm |
| 16:52 | Construir | Palisade Gate |
| 16:56 | Construir | Palisade Wall |
| 17:03 | Crear | Villager (Male) |
| 17:12 | Construir | Palisade Wall |
| 17:25 | Construir | Farm |
| 17:28 | Construir | Farm |
| 17:36 | Construir | Palisade Wall |
| 17:38 | Construir | Farm |
| 17:43 | Crear | Villager (Male) |
| 17:50 | Construir | House |
| 17:52 | Construir | Market |
| 17:54 | Construir | Palisade Wall |
| 18:09 | Crear | Villager (Male) |
| 18:13 | Crear | Villager (Male) |
| 18:35 | Construir | Mill |
| 18:36 | Construir | Farm |
| 18:36 | Construir | Farm |
| 18:36 | Construir | Farm |
| 18:57 | Construir | Watch Tower |
| 19:19 | Crear | Villager (Male) |
| 19:22 | Investigar | Wheelbarrow |
| 19:48 | Construir | Farm |
| 19:50 | Construir | House |
| 20:00 | Construir | House |
| 20:02 | Construir | House |
| 20:36 | Crear | Villager (Male) |
| 21:05 | Crear | Villager (Male) |
| 21:31 | Crear | Villager (Male) |
| 22:23 | Investigar | Castle Age |
| 22:23 | Investigar | Castle Age |
| 22:28 | Construir | Palisade Gate |
| 22:30 | Construir | Palisade Gate |
| 22:46 | Construir | House |
| 22:50 | Construir | Farm |
| 22:55 | Construir | Farm |
| 23:07 | Construir | Mining Camp |
| 24:04 | Investigar | Gold Mining |
| 24:36 | Crear | Villager (Male) |
| 24:46 | Construir | Farm |
| 24:50 | Crear | Villager (Male) |
| 25:03 | Edad | Edad de los Castillos |
| 25:07 | Construir | Blacksmith |
| 25:09 | Crear | Villager (Male) |
| 25:09 | Crear | Villager (Male) |
| 25:10 | Investigar | Bow Saw |
| 25:20 | Construir | Lumber Camp |
| 25:29 | Construir | Siege Workshop |
| 25:34 | Investigar | Fletching |
| 25:42 | Crear | Villager (Male) |
| 25:47 | Crear | Mangonel |
| 25:47 | Crear | Mangonel |
| 26:06 | Investigar | Bodkin Arrow |
| 26:26 | Crear | Mangonel |
| 26:29 | Crear | Villager (Male) |
| 26:31 | Crear | Scorpion |
| 26:46 | Construir | Farm |
| 26:48 | Crear | Villager (Male) |
| 26:51 | Crear | Scorpion |
| 27:11 | Crear | Scorpion |
| 27:14 | Crear | Villager (Male) |
| 27:28 | Crear | Villager (Male) |
Cronología de la partida
| 7:24 | p4rtY3oY · first_building Barracks |
| 7:33 | p4rtY3oY · wall_segment Palisade Wall x1 |
| 7:53 | vollkrassher · first_building Barracks |
| 8:25 | p4rtY3oY · wall_segment Palisade Wall x3 |
| 8:34 | p4rtY3oY · wall_segment Palisade Wall x10 |
| 8:54 | vollkrassher · age_up feudal |
| 8:55 | vollkrassher · first_building Archery Range |
| 9:03 | p4rtY3oY · wall_segment Palisade Wall x3 |
| 9:19 | p4rtY3oY · age_up feudal |
| 11:56 | p4rtY3oY · first_building Stable |
| 13:12 | vollkrassher · wall_segment Palisade Wall x3 |
| 13:44 | vollkrassher · wall_segment Stone Wall x1 |
| 13:45 | vollkrassher · wall_segment Stone Wall x1 |
| 13:45 | vollkrassher · wall_segment Stone Wall x1 |
| 14:01 | p4rtY3oY · wall_segment Palisade Wall x5 |
| 14:12 | p4rtY3oY · wall_segment Palisade Wall x1 |
| 14:31 | vollkrassher · wall_segment Palisade Wall x1 |
| 14:32 | vollkrassher · wall_segment Palisade Wall x1 |
| 14:37 | vollkrassher · wall_segment Palisade Wall x10 |
| 14:38 | vollkrassher · wall_segment Palisade Wall x1 |
| 14:39 | vollkrassher · wall_segment Palisade Wall x1 |
| 14:39 | vollkrassher · wall_segment Palisade Wall x1 |
| 14:40 | vollkrassher · wall_segment Palisade Wall x1 |
| 16:37 | vollkrassher · wall_segment Palisade Wall x1 |
| 16:56 | p4rtY3oY · wall_segment Palisade Wall x1 |
| 17:12 | p4rtY3oY · wall_segment Palisade Wall x1 |
| 17:36 | p4rtY3oY · wall_segment Palisade Wall x4 |
| 17:54 | p4rtY3oY · wall_segment Palisade Wall x1 |
| 21:27 | p4rtY3oY · first_market_sell 500 wood |
| 21:28 | p4rtY3oY · first_market_buy 100 food |
| 24:37 | vollkrassher · age_up castle |
| 25:03 | p4rtY3oY · age_up castle |
| 25:29 | p4rtY3oY · first_building Siege Workshop |
| 27:23 | vollkrassher · first_market_buy 100 wood |
| 28:56 | vollkrassher · first_building Monastery |
| 30:27 | p4rtY3oY · first_building Monastery |
| 30:30 | vollkrassher · first_building Stable |
| 33:25 | vollkrassher · first_market_sell 100 stone |
| 33:47 | p4rtY3oY · first_building Castle |
| 34:41 | p4rtY3oY · wall_segment Stone Wall x12 |
| 38:46 | vollkrassher · first_building Castle |
| 39:48 | vollkrassher · age_up imperial |
| 40:35 | p4rtY3oY · first_building Archery Range |
| 43:08 | p4rtY3oY · age_up imperial |
| 51:06 | p4rtY3oY · resign |
[ ANÁLISIS IA · 1 CRÉDITO ]
¿Qué pasó realmente en esta partida?
Wolo.gg analiza cada decisión: build order, eco, micro, errores típicos por bracket. Análisis personalizado por WhatsApp o Discord en 30 segundos.
Guía civ
Bizantinos
Perfil
vollkrassher